 Dungeon Crawl Stone Soup version 0.21.1-1-g345015f (webtiles) character file.

130 Goblin1989 the Chopper (level 4, 0/35 HPs)
             Began as a Demonspawn Monk on Feb 10, 2018.
             Slain by a jackal zombie (2 damage)
             ... on level 5 of the Dungeon.
             The game lasted 00:06:05 (3660 turns).

Goblin1989 the Chopper (Demonspawn Monk)            Turns: 3660, Time: 00:06:05

Health: 0/35       AC:  4    Str: 12    XL:     4   Next: 90%
Magic:  4/4        EV: 13    Int: 12    God:
Gold:   108        SH:  0    Dex: 17    Spells: 0/3 levels left

rFire    . . .     SeeInvis .   a - +0 hand axe
rCold    . . .     Gourm    .   (no shield)
rNeg     . . .     Faith    .   b - +0 robe
rPois    .         Spirit   .   (no helmet)
rElec    .         Reflect  .   (no cloak)
rCorr    .         Harm     .   f - +1 pair of gloves
MR       .....                  (no boots)
Stlth    ++........             (no amulet)
HPRegen  0.11/turn              (no ring)
MPRegen  0.09/turn              (no ring)

@: no status effects
A: hooves 1, thin skeletal structure 1, powered by death 1
a: no special abilities


You were on level 5 of the Dungeon.
You were hungry.

You visited 1 branch of the dungeon, and saw 5 of its levels.

You collected 108 gold pieces.

Inventory:

Hand Weapons
 a - a +0 hand axe (weapon)
Missiles
 r - 2 javelins (quivered)
Armour
 b - a +0 robe (worn)
 f - a +1 pair of gloves (worn)
 B - a +0 pair of boots
Jewellery
 q - a +4 ring of intelligence {unknown}
Scrolls
 g - 4 scrolls of teleportation {unknown}
 j - 2 scrolls of noise {unknown}
 n - 2 scrolls of blinking {unknown}
 p - 4 scrolls of identify {unknown}
 s - a scroll of fear {unknown}
 u - a scroll of amnesia {unknown}
 w - 2 scrolls of remove curse {unknown}
 A - a scroll of fog {unknown}
Potions
 h - a potion of lignification {unknown}
 k - 2 potions of curing {unknown}
 l - 2 potions of haste {unknown}
 m - a potion of agility {unknown}
 t - 2 potions of heal wounds {unknown}
 z - a potion of magic {unknown}
Books
 x - a book of Maledictions

   Spells                             Type                      Level
   a - Corona                         Hexes                        1
   b - Ensorcelled Hibernation        Hexes/Ice                    2
   c - Confuse                        Hexes                        3
   d - Tukima's Dance                 Hexes                        3
   e - Dazzling Spray                 Conjuration/Hexes            3
 y - a book of Necromancy

   Spells                             Type                      Level
   a - Pain                           Necromancy                   1
   b - Animate Skeleton               Necromancy                   1
   c - Vampiric Draining              Necromancy                   3
   d - Regeneration                   Charms/Necromancy            3
   e - Animate Dead                   Necromancy                   4
   f - Borgnjor's Vile Clutch         Necromancy/Earth             5
Comestibles
 e - 5 rations


   Skills:
 - Level 3.0 Fighting
 + Level 5.1 Axes
 - Level 2.6 Dodging
 - Level 1.7 Stealth


You couldn't memorise any spells.
You knew the following spells:

 Your Spells              Type           Power        Failure   Level  Hunger
R - Regeneration          Chrm/Necr      #.........   69%         3    ####...


Dungeon Overview and Level Annotations

Branches:
Dungeon (5/15)
 Temple: D:4-7

Altars:
Yredelemnul
The Shining One

Annotations:
D:3 1 runed door, exclusion: Grinder, Grinder


Innate Abilities, Weirdness & Mutations

You have large cloven feet.
You have a somewhat thin skeletal structure. (Dex +2, Stealth)
You regenerate a little health from kills.


Message History

You closely miss the hound skeleton. You kick the hound skeleton.
The hound skeleton is severely damaged.
The hound skeleton bites you.
You take 2 damage, and have 19/35 hp.
You hit the hound skeleton. You kick the hound skeleton.
The hound skeleton is almost destroyed.
The hound skeleton bites you. The hound skeleton misses you.
You take 1 damage, and have 18/35 hp.
You hit the hound skeleton.
You destroy the hound skeleton!
Your Axes skill increases to level 5!
p - 4 scrolls labeled PEICOW PEPYT (gained 1)
You start resting.
You regained 7 hp, and now have 26/35 hp.
Found a stone staircase leading up.
A worker ant comes into view.
An adder and 2 orc priests come into view.
Found an escape hatch in the ceiling.
You see here a ration.
The adder bites you.
You are poisoned.
The adder poisons you!
You take 2 damage, and have 27/35 hp.
You feel sick.
You feel sick.
You take 1 damage, and have 26/35 hp.
The adder bites you.
You take 1 damage, and have 25/35 hp.
You feel sick.
You take 1 damage, and have 24/35 hp.
You feel sick. The adder barely misses you.
You take 1 damage, and have 23/35 hp.
You hit the adder. Your kick misses the adder.
The adder is moderately wounded.
The adder bites you but does no damage.
You hit the adder. Your kick misses the adder.
The adder is severely wounded.
The adder bites you. The adder closely misses you.
You take 2 damage, and have 21/35 hp.
You barely miss the adder. You kick the adder, but do no damage.
The adder is severely wounded.
You feel sick. The adder bites you but does no damage.
You hit the adder.
The adder is almost dead.
The adder barely misses you.
You closely miss the adder. You kick the adder, but do no damage.
The adder is almost dead.
The adder bites you.
You take 2 damage, and have 19/35 hp.
You closely miss the adder.
You kill the adder!
You feel sick.
You take 1 damage, and have 18/35 hp.
There is a stone staircase leading down here.
You start resting.
You feel sick. x2
You are no longer poisoned.
You take 1 damage, and have 17/35 hp.
Unknown command.
You start resting.
You are feeling hungry.
You regained 5 hp, and now have 22/35 hp.
You start resting.
You regained 6 hp, and now have 28/35 hp.
You climb downwards.
You hear the hiss of flowing sand.
There is an entrance to an ossuary on this level.
Hurry and find it before the portal is buried!
A centaur and a zombie come into view.
Found a stone staircase leading up and a stone staircase leading down.
There is a stone staircase leading up here.
A leopard gecko comes into view.
The leopard gecko hisses angrily.
The jackal zombie misses you.
The centaur shouts!
You hit the jackal zombie.
The jackal zombie is moderately damaged.
The jackal zombie closely misses you.
You hit the jackal zombie.
You kick the jackal zombie, but do no damage.
The jackal zombie is heavily damaged.
The jackal zombie closely misses you.
The centaur wields a shortbow.
The centaur shoots an arrow.
The arrow hits you! The jackal zombie barely misses you.
The leopard gecko bites you but does no damage.
You take 7 damage, and have 21/35 hp.
The centaur shoots an arrow.
The arrow hits you!
* * * LOW HITPOINT WARNING * * *
The jackal zombie closely misses you.
You see here an arrow.
You take 11 damage, and have 10/35 hp.
MASSIVE DAMAGE!!
The centaur unwields an uncursed shortbow.
The centaur hits you!
* * * LOW HITPOINT WARNING * * *
The centaur closely misses you.
You take 8 damage, and have 2/35 hp.
MASSIVE DAMAGE!!
You closely miss the centaur. You kick the centaur.
The centaur is lightly wounded.
You hit the leopard gecko. You hit the jackal zombie. The centaur misses you.
The jackal zombie bites you.
You die...

..█ [. █.
█.█████████
█.........█ █
█.........█ █.
█.........█
█$.█..<......█
███..c@..<....█
/......Zl......█
.>.███...(....?█
.. █.........█
█.........███
█.█████...█
█.█.((█.█.█
█.█...█....
...█████.....


You could see a centaur, 2 dancing weapons, a jackal zombie and a leopard gecko.

Vanquished Creatures
  A hound skeleton (D:4)
  5 adders
  4 worms (D:2)
  A leopard gecko (D:3)
  5 orcs (D:3)
  8 bats
  4 giant cockroaches
  11 goblins
  3 hobgoblins
  4 kobolds
  2 quokkas
  2 frilled lizards (D:2)
  3 rats
53 creatures vanquished.

Notes
Turn   | Place    | Note
-------+----------+-------------------------------------------
     0 | D:1      | Goblin1989 the Demonspawn Monk began the quest for the Orb.
     0 | D:1      | Reached XP level 1. HP: 18/18 MP: 1/1
   211 | D:1      | Reached skill level 3 in Axes
   477 | D:1      | Gained mutation: You regenerate a little health from kills. [demonic ancestry]
   477 | D:1      | Reached XP level 2. HP: 24/24 MP: 2/2
  1025 | D:1      | You fall through a shaft!
  1052 | D:2      | Gained mutation: You have large cloven feet. [demonic ancestry]
  1052 | D:2      | Reached XP level 3. HP: 14/29 MP: 3/3
  1080 | D:2      | Found a basalt altar of Yredelemnul.
  1423 | D:2      | Reached skill level 4 in Axes
  2305 | D:3      | Gained mutation: You have a somewhat thin skeletal structure. (Dex +2, Stealth) [demonic ancestry]
  2305 | D:3      | Reached XP level 4. HP: 35/35 MP: 4/4
  2597 | D:3      | Learned a level 3 spell: Regeneration
  2640 | D:3      | Found a runed door.
  2973 | D:3      | Found a glowing golden altar of the Shining One.
  2979 | D:3      | Noticed Grinder
  3432 | D:4      | Reached skill level 5 in Axes
  3652 | D:5      | Entered Level 5 of the Dungeon
  3652 | D:5      | Noticed a dagger
  3652 | D:5      | Noticed a centaur
  3653 | D:5      | Noticed an enchanted hand axe
  3660 | D:5      | Slain by a jackal zombie

Skill      XL: |  1  2  3  4 |
---------------+-------------+-----
Axes           | 3 4 5 |  5.1
Fighting       | |  3.0
Dodging        | |  2.6
Stealth        | |  1.7

Action                   |  1- 3 |  4- 6 || total
-------------------------+-------+-------++-------
Melee: Hand axe          |   123 |    62 ||   185
       Kick              |    16 |    16 ||    32
 Stab: Sleeping          |     3 |     3 ||     6
  Eat: Chunk             |     4 |     4 ||     8
Armor: Robe              |    34 |    12 ||    46
Dodge: Dodged            |    88 |    41 ||   129

Vault maps used:
D:1:      saegor_arrival_simple_e
D:2:      lemuel_blue_sif_altar, lemuel_tele_altar, uniq_sigmund
D:3:      nicolae_tso_carved_into_rock, uniq_grinder, uniq_crazy_yiuf_cottage
D:4:      nicolae_overflow_hidden_temple, okawaru_trees_1
D:5:      dancing_weapons_uskayaw, enter_ossuary_2, first_ration,
          minmay_misc_feat_iff, cheibrodos_ashenzari_chains
